 Dungeon Crawl Stone Soup version 0.24-a0-736-g4e6fe308c7 (webtiles) character file.

Game seed: 9840628395176240291, levelgen mode: deterministic

7 MalarOregon the Ruffian (level 1, 0/16 HPs)
             Began as a Draconian Transmuter on Oct 2, 2019.
             Slain by a gnoll
             ... wielding a +0 flail
              (5 damage)
             ... on level 1 of the Dungeon.
             The game lasted 00:00:39 (105 turns).

MalarOregon the Ruffian (Draconian Transmuter)       Turns: 105, Time: 00:00:39

Health: 0/16       AC:  4    Str: 12    XL:     1   Next: 83%
Magic:  2/3        EV: 12    Int: 13    God:
Gold:   0          SH:  0    Dex: 11    Spells: 3/4 levels left

rFire    . . .     SeeInvis .     - Unarmed
rCold    . . .     Gourm    .   (no shield)
rNeg     . . .     Faith    .   (armour unavailable)
rPois    .         Spirit   .   (helmet restricted)
rElec    .         Reflect  .   (no cloak)
rCorr    .         Harm     .   (no gloves)
MR       .....                  (boots currently unavailable)
Stlth    +.........             (no amulet)
HPRegen  0.05/turn              (no ring)
MPRegen  0.08/turn              (no ring)

@: appendage (expiring)
A: unfitting armour, talons 3, cold-blooded, AC +4
a: End Transformation


You were on level 1 of the Dungeon.
You were not hungry.
You had grown temporary talons.
You visited 1 branch of the dungeon, and saw 1 of its levels.

Inventory:

Missiles
 a - 12 arrows
Scrolls
 d - a scroll of remove curse {unknown}
Potions
 c - a potion of haste {unknown}
Comestibles
 b - 8 chunks of flesh
 e - a ration {!d}


   Skills:
 + Level 1.4 Fighting
 - Level 1.7 Dodging
 + Level 3.1 Unarmed Combat
 + Level 2.1 Spellcasting
 + Level 2.1 Transmutations


You had 3 spell levels left.
You knew the following spells:

 Your Spells              Type           Power        Failure   Level  Hunger
a - Beastly Appendage     Tmut           #.....       11%         1    ##.....

Your spell library contained the following spells:

 Spells                   Type           Power        Failure   Level  Hunger
 Sticks to Snakes         Tmut           #.......     16%         2    ###....
 Spider Form              Tmut/Pois      #.........   43%         3    ####...
 Ice Form                 Ice/Tmut       #.......     85%         4    #####..
 Blade Hands              Tmut           #.........   96%         5    ######.


Dungeon Overview and Level Annotations

Branches:
Dungeon (1/15)

Altars:


Innate Abilities, Weirdness & Mutations

Your plain brown scales are hard. (AC +4)
You cannot fit into any form of body armour.
You are cold-blooded and may be slowed by cold attacks.
You have claws for feet.


Message History

You hit the goblin.
You kill the goblin!
You see here a goblin corpse.
You see here a goblin corpse.
You butcher the goblin corpse.
b - 4 chunks of flesh (gained 3)
You see here a goblin skeleton.
Your talons disappear.
b - 8 chunks of flesh (gained 4)
Things that are here:
a +0 club; a hobgoblin skeleton There isn't anything to butcher here.
You start resting.
Unknown command.
Okay, then.
You see here a goblin skeleton.
The hobgoblin is too close now for your liking.
A hobgoblin is nearby!
A hobgoblin is nearby!
A hobgoblin is nearby!
Your feet morph into talons.
Unknown command.
Your transformation is almost over.
The hobgoblin closely misses you.
You hit the hobgoblin. The hobgoblin barely misses you.
The gnoll throws a stone.
The stone barely misses you.
You closely miss the hobgoblin. The hobgoblin barely misses you.
The gnoll throws a stone.
The stone barely misses you.
You closely miss the hobgoblin. The hobgoblin barely misses you.
The gnoll throws a stone.
The stone hits you but does no damage.
You hit the hobgoblin. The hobgoblin barely misses you.
The gnoll throws a stone.
The stone hits you.
You hit the hobgoblin.
You kill the hobgoblin!
You extend your transformation's duration.
You enter the shallow water.
Moving in this stuff is going to be slow.
The gnoll barely misses you.
You completely miss the gnoll.
Your tail-slap misses the gnoll.
You hit the gnoll but do no damage.
Your transformation is almost over.
The gnoll hits you with a +0 flail.
You closely miss the gnoll. Your kick misses the gnoll.
The gnoll closely misses you.
You barely miss the gnoll. You claw the gnoll.
The gnoll hits you with a +0 flail!
Ouch! That really hurt!
* * * LOW HITPOINT WARNING * * *
You hit the gnoll. The gnoll hits you with a +0 flail.
You die...

#.#####.....# #...####.#
#.#...#.....# ##.## #.#
#.......!...# #.# #.#
#...........####.#####.#
#................÷)....#
♣♣.........(.#.#########
≈≈≈P≈≈≈≈...#.#.#
≈≈≈≈≈≈P≈(..#.#.#
≈≈PPP≈g@...#.#.#
≈≈≈≈≈≈≈P...#...#
≈≈≈≈≈≈P≈........
≈≈P≈≈P......#.##
≈≈≈P≈≈......# #
≈≈≈≈≈≈≈.....#
≈≈P≈≈PP≈....#
≈P≈P≈≈P.....#


You could see a gnoll.

Vanquished Creatures
  A bat (D:1)
  A goblin (D:1)
  3 hobgoblins (D:1)
5 creatures vanquished.

Notes
Turn   | Place    | Note
-------+----------+-------------------------------------------
     0 | D:1      | MalarOregon the Draconian Transmuter began the quest for
                  | the Orb.
     0 | D:1      | Reached XP level 1. HP: 16/16 MP: 3/3
   105 | D:1      | Slain by a gnoll

Levels and vault maps discovered:
D:1:      sevenhm_arrival_forest_fort_small_3, layout_loops_ring, serial_bayou,
          serial_bayou_pond_e, serial_bayou_crossing, serial_bayou_lake_a,
          serial_bayou_shore_a, minivault_27

Action                   || total
-------------------------++-------
Melee: Unarmed           ||    23
       Kick              ||     1
 Cast: Beastly Appendage ||     4
Armor: Skin              ||     5
Dodge: Dodged            ||    14

Table legend:
 A = Non-vault XP
 B = Vault XP
 C = Vault XP percentage of total XP
 D = Non-vault monster count
 E = Vault monster count
 F = Vault count percentage of total count
                 A         B        C        D         E       F
            +---------+---------+-------+---------+---------+-------
      Total |      10 |       0 |   0.0 |       5 |       0 |   0.0
            +---------+---------+-------+---------+---------+-------
        D:1 |      10 |       0 |   0.0 |       5 |       0 |   0.0
            +---------+---------+-------+---------+---------+-------
